 Dungeon Crawl Stone Soup version 0.22.0-27-ga576289 (webtiles) character file.

507 EnegeticOcto the Shield-Bearer (level 6, -1/57 HPs)
             Began as a Minotaur Fighter on Aug 21, 2018.
             Slain by an iguana (8 damage)
             ... on level 5 of the Dungeon.
             The game lasted 00:01:41 (2178 turns).

EnegeticOcto the Shield-Bearer (Minotaur Fighter)   Turns: 2178, Time: 00:01:42

Health: -1/57      AC: 15    Str: 27    XL:     6   Next: 97%
Magic:  5/5        EV:  5    Int:  5    God:
Gold:   210        SH: 10    Dex:  9    Spells: 5/5 levels left

rFire    . . .     SeeInvis .   a - +0 war axe
rCold    . . .     Gourm    .   c - +0 shield
rNeg     . . .     Faith    .   p - +0 plate armour
rPois    .         Spirit   .   (helmet restricted)
rElec    .         Reflect  .   m - +0 cloak
rCorr    .         Harm     .   (no gloves)
MR       +....                  n - +0 pair of boots
Stlth    ..........             (no amulet)
HPRegen  0.19/turn              e - +4 ring of strength
MPRegen  0.09/turn              j - ring of protection from magic

@: no status effects
A: retaliatory headbutt, horns 2
a: no special abilities


You were on level 5 of the Dungeon.
You were not hungry.

You visited 1 branch of the dungeon, and saw 5 of its levels.

You collected 210 gold pieces.

Inventory:

Hand Weapons
 a - a +0 war axe (weapon)
Missiles
 i - 2 throwing nets (quivered) {!f}
Armour
 c - a +0 shield (worn)
 m - a +0 cloak (worn)
 n - a +0 pair of boots (worn)
 p - a +0 plate armour (worn)
Jewellery
 e - a +4 ring of strength (left hand)
 j - a ring of protection from magic (right hand)
Wands
 h - a wand of digging (20)
Scrolls
 b - a scroll of teleportation {unknown}
 g - 8 scrolls of identify {unknown}
 k - a scroll of random uselessness {unknown}
 q - 2 scrolls of amnesia {unknown}
 s - a scroll of noise {unknown}
Potions
 d - a potion of might {@q3 !q}
 l - 2 potions of agility {unknown}
 o - 2 potions of heal wounds {unknown}
 t - a potion of resistance {unknown}
 u - a potion of curing {unknown}
Comestibles
 f - 4 rations
 r - 6 chunks of flesh


   Skills:
 + Level 5.6 Fighting
 + Level 4.9 Axes
 + Level 5.7 Armour
 + Level 5.7 Shields


You had 5 spell levels left.
You didn't know any spells.
Your spell library was empty.

Dungeon Overview and Level Annotations

Branches:
Dungeon (5/15)
 Temple: D:4-7

Altars:
Ashenzari
Vehumet


Innate Abilities, Weirdness & Mutations

You reflexively headbutt those who attack you in melee.
You have a pair of horns on your head.


Message History

You block the iguana's attack.
You closely miss the iguana.
The iguana is lightly wounded.
The iguana barely misses you. You block the iguana's attack.
You hit the iguana.
The iguana is heavily wounded.
The iguana bites you but does no damage.
You hit the iguana.
The iguana is almost dead.
The iguana barely misses you.
You completely miss the iguana.
You headbutt the iguana, but do no damage.
The iguana is severely wounded.
The iguana bites you but does no damage.
The iguana bites you.
* * * LOW HITPOINT WARNING * * *
You barely miss the iguana. Your headbutt misses the iguana.
The iguana is severely wounded.
The iguana bites you!
You die...

######.....###+##
.......#....#.....#.....
.......#....#.....#.....
.......#....#.....#.....
.......+....#.....#.....
.......#....#.....'.....
.......#....'.....#.....
......)######.....#....#
#@..>.......#....#
#.l..(......'.....
#[....(.....#.....
#......(....#.....
#.......(...##...#
#...#####......###'#
.....# #......#....
.....# #....).'....
..... #......#....


You could see an iguana.

Vanquished Creatures
  An orc warrior (D:5)
  A centaur (D:5)
  A howler monkey (D:5)
  A crimson imp (D:5)
  An orc priest (D:5)
  2 worker ants
  7 adders
  3 gnolls (D:5)
  2 river rats (D:3)
  A shadow imp (D:4)
  An ooze (D:2)
  2 worms (D:3)
  A dart slug (D:3)
  4 leopard geckos
  8 orcs
  4 bats
  4 giant cockroaches
  A goblin (D:3)
  2 hobgoblins (D:3)
  4 quokkas (D:3)
  A frilled lizard (D:3)
  6 kobolds
  A leopard gecko skeleton (D:4)
  5 rats
64 creatures vanquished.

Notes
Turn   | Place    | Note
-------+----------+-------------------------------------------
     0 | D:1      | EnegeticOcto the Minotaur Fighter began the quest for the Orb.
     0 | D:1      | Reached XP level 1. HP: 19/19 MP: 0/0
    95 | D:2      | Reached XP level 2. HP: 24/27 MP: 1/1
   308 | D:3      | Found a shattered altar of Ashenzari.
   431 | D:3      | Reached XP level 3. HP: 33/33 MP: 2/2
   776 | D:3      | Found a radiant altar of Vehumet.
   841 | D:3      | Reached XP level 4. HP: 40/40 MP: 3/3
  1010 | D:4      | Reached XP level 5. HP: 27/47 MP: 4/4
  1804 | D:5      | Entered Level 5 of the Dungeon
  1804 | D:5      | Noticed an orc warrior
  1812 | D:5      | Killed an orc warrior
  1812 | D:5      | Reached skill level 5 in Fighting
  1812 | D:5      | Reached skill level 5 in Armour
  1812 | D:5      | Reached skill level 5 in Shields
  1812 | D:5      | Reached XP level 6. HP: 40/56 MP: 5/5
  2178 | D:5      | Slain by an iguana

Skill      XL: |  1  2  3  4  5 |
---------------+----------------+-----
Fighting       | 4 5 |  5.6
Armour         | 4 5 |  5.7
Shields        | 4 5 |  5.7
Axes           | 3 4 |  4.9

Action                   |  1- 3 |  4- 6 || total
-------------------------+-------+-------++-------
Melee: War axe           |    85 |    86 ||   171
       Headbutt          |    11 |    24 ||    35
  Eat: Chunk             |       |     4 ||     4
Armor: Scale mail        |    34 |       ||    34
       Plate armour      |    10 |    44 ||    54
Dodge: Dodged            |    21 |    18 ||    39
Block: Shield            |    49 |    56 ||   105
